GULF
CLEARWATER THRESHERS @ GALVESTON SAND CRABS
06/23/1982
 
TOP OF THE 1ST
Clearwater Threshers batting - Pitching for Galveston Sand Crabs : LHP Michael Dixon
Pitching: LHP Michael Dixon
Batting: RHB Drungo Hazewood 0-0: Ground out 5-3 (Groundball, 56, EV 96.3 MPH)
Batting: RHB Vincent Beringhele 0-0: Fly out, F7 (Flyball, 7, EV 90.6 MPH)
Batting: RHB Roy Wolfe 0-0: Foul Ball, location: 2F
0-1: Ball
1-1: Ball
2-1: SINGLE (Line Drive, 7S, EV 110.6 MPH)
Batting: RHB Cliff Pastornicky 0-0: Called Strike
0-1: Ball
1-1: Fly out, F5 (Popup, 5SF, EV 65.0 MPH)
Top of the 1st over - 0 runs, 1 hit, 0 errors, 1 left on base; Clearwater 0 - Galveston 0
BOTTOM OF THE 1ST
Galveston Sand Crabs batting - Pitching for Clearwater Threshers : RHP Richard Cratch
Pitching: RHP Richard Cratch
Batting: LHB David Dyrek 0-0: Ball
1-0: Called Strike
1-1: Foul Ball, location: 2F
1-2: Ball
2-2: SINGLE (Line Drive, 8RS, EV 85.0 MPH)
Batting: SHB Darryl Wilks 0-0: Called Strike
0-1: Ball
1-1: Fly out, F6 (Popup, 6S, EV 71.3 MPH)
Batting: LHB Van Snider 0-0: Ball
1-0: SINGLE (Line Drive, 89S, EV 98.8 MPH)
David Dyrek to second
Batting: RHB Stephen Turgeon 0-0: Ball
1-0: Called Strike
1-1: Foul Ball, location: 2F
1-2: Ball
2-2: Strikes out swinging
Batting: RHB Stephen Fleming 0-0: Swinging Strike
0-1: Swinging Strike
0-2: Fly out, F8 (Flyball, 8LXD, EV 98.1 MPH)
Bottom of the 1st over - 0 runs, 2 hits, 0 errors, 2 left on base; Clearwater 0 - Galveston 0
TOP OF THE 2ND
Clearwater Threshers batting - Pitching for Galveston Sand Crabs : LHP Michael Dixon
Batting: RHB Rico Sutton 0-0: Fly out, F8 (Line Drive, 8RD, EV 91.9 MPH)
Batting: RHB Ralph Antone 0-0: Swinging Strike
0-1: Called Strike
0-2: Ball
1-2: Ball
2-2: Foul Ball, location: 2F
2-2: Foul Ball, location: 2F
2-2: Ball
3-2: Ground out 5-3 (Groundball, 5, EV 105.6 MPH)
Batting: RHB John Smith 0-0: Ball
1-0: Foul Ball, location: 2F
1-1: Swinging Strike
1-2: Foul Ball, location: 2F
1-2: Strikes out swinging
Top of the 2nd over - 0 runs, 0 hits, 0 errors, 0 left on base; Clearwater 0 - Galveston 0
BOTTOM OF THE 2ND
Galveston Sand Crabs batting - Pitching for Clearwater Threshers : RHP Richard Cratch
Batting: LHB Dave Montanari 0-0: Ball
1-0: Swinging Strike
1-1: Ball
2-1: Ball
3-1: Base on Balls
Batting: RHB Cayetano Cadahia 0-0: Ball
1-0: Ball
2-0: Called Strike
2-1: Ball
3-1: Foul Ball, location: 2F
3-2: Base on Balls
Dave Montanari to second
Batting: SHB Ricardo Rivera 0-0: Called Strike
0-1: SINGLE (Groundball, 34D, EV 99.4 MPH)
Dave Montanari to third
Cayetano Cadahia to second
Batting: RHB Wil Muela 0-0: Ball
1-0: SINGLE (Groundball, 4M, EV 87.5 MPH) (infield hit)
Dave Montanari scores
Cayetano Cadahia to third
Ricardo Rivera to second
Batting: LHB David Dyrek 0-0: Ball
1-0: Foul Ball, location: 2F
1-1: Ball
2-1: SINGLE (Line Drive, 78M, EV 101.3 MPH)
Cayetano Cadahia scores
Ricardo Rivera to third
Wil Muela to second
Runner from 3rd tries for Home, SAFE, throw by LF to home
Batting: SHB Darryl Wilks 0-0: Ball
1-0: Foul Ball, location: 2F
1-1: Fly out, F7 (Flyball, 7D, EV 103.1 MPH)
Runner from 2nd tags up, SAFE at 3rd, no throw by LF
Batting: LHB Van Snider 0-0: Called Strike
0-1: Ball
1-1: Ball
2-1: Swinging Strike
2-2: Ball
3-2: Fly out, F8 (Line Drive, 8RD, EV 93.8 MPH)
Runner from 3rd tags up, SCORES, no throw by CF
Batting: RHB Stephen Turgeon 0-0: Called Strike
0-1: Ball
David Dyrek steals 2nd base
1-1: Foul Ball, location: 2F
1-2: SINGLE (Line Drive, 56D, EV 103.8 MPH)
David Dyrek to third
Runner from 3rd tries for Home, SAFE, throw by LF to home
Batting: RHB Stephen Fleming 0-0: Ball
1-0: Ball
2-0: Called Strike
2-1: Ball
3-1: Base on Balls
Stephen Turgeon to second
Batting: LHB Dave Montanari 0-0: Ball
1-0: Called Strike
1-1: Foul Ball, location: 2F
1-2: Fly out, F8 (Flyball, 8LS, EV 88.1 MPH)
Bottom of the 2nd over - 5 runs, 4 hits, 0 errors, 2 left on base; Clearwater 0 - Galveston 5
TOP OF THE 3RD
Clearwater Threshers batting - Pitching for Galveston Sand Crabs : LHP Michael Dixon
Batting: RHB Pete Piskol 0-0: Foul Ball, location: 2F
0-1: Ball
1-1: Foul Ball, location: 2F
1-2: Ball
2-2: Fly out, F8 (Flyball, 8RS, EV 90.6 MPH)
Batting: RHB Pedro Hernandez 0-0: Ball
1-0: Ball
2-0: Ball
3-0: SINGLE (Groundball, 6MD, EV 105.0 MPH)
Batting: RHB Drungo Hazewood 0-0: Ball
1-0: Ball
2-0: Ball
3-0: Base on Balls
Pedro Hernandez to second
Batting: RHB Vincent Beringhele 0-0: Foul Ball, location: 2F
0-1: Ball
1-1: Ball
2-1: SINGLE (Groundball, 56D, EV 98.1 MPH)
Pedro Hernandez to third
Drungo Hazewood to second
Runner from 3rd tries for Home, SAFE, throw by LF to home
Batting: RHB Roy Wolfe 0-0: Swinging Strike
0-1: Called Strike
0-2: Strikes out swinging
Batting: RHB Cliff Pastornicky 0-0: Called Strike
0-1: Fielders Choice at 2nd, 5-4 (Groundball, 5, EV 91.9 MPH)
Top of the 3rd over - 1 run, 2 hits, 0 errors, 2 left on base; Clearwater 1 - Galveston 5
BOTTOM OF THE 3RD
Galveston Sand Crabs batting - Pitching for Clearwater Threshers : RHP Richard Cratch
Batting: RHB Cayetano Cadahia 0-0: Ball
1-0: Ball
2-0: Called Strike
2-1: Fly out, F4 (Popup, 34S, EV 81.9 MPH)
Batting: SHB Ricardo Rivera 0-0: Foul Ball, location: 2F
0-1: Ball
1-1: Ball
2-1: Ball
3-1: Base on Balls
Batting: RHB Wil Muela 0-0: Ball
Ricardo Rivera steals 2nd base (no throw)
1-0: Called Strike
1-1: Foul Ball, location: 2F
1-2: DOUBLE (Groundball, 5L, EV 106.3 MPH)
Ricardo Rivera scores
Pitching: RHP Tom Burns
Batting: LHB David Dyrek 0-0: Ground out 6-3 (Groundball, 6, EV 83.8 MPH)
Wil Muela to third
Batting: SHB Darryl Wilks 0-0: SINGLE (Line Drive, 6MD, EV 108.1 MPH)
Wil Muela scores
Batting: LHB Van Snider 0-0: Foul Ball, location: 2F
0-1: Ball
1-1: Foul Ball, location: 2F
1-2: Strikes out swinging
Bottom of the 3rd over - 2 runs, 2 hits, 0 errors, 1 left on base; Clearwater 1 - Galveston 7
TOP OF THE 4TH
Clearwater Threshers batting - Pitching for Galveston Sand Crabs : LHP Michael Dixon
Batting: RHB Rico Sutton 0-0: Ball
1-0: Called Strike
1-1: SINGLE (Groundball, 4S, EV 75.6 MPH) (infield hit)
Batting: RHB Ralph Antone 0-0: Ball
1-0: Ball
2-0: Ball
3-0: Base on Balls
Rico Sutton to second
Batting: RHB John Smith 0-0: Ball
1-0: Ball
2-0: Ball
3-0: Called Strike
3-1: Fly out, F4 (Line Drive, 4, EV 65.0 MPH)
Batting: RHB Pete Piskol 0-0: Called Strike
0-1: Foul Ball, location: 2F
0-2: Strikes out swinging
Batting: RHB Pedro Hernandez 0-0: Called Strike
0-1: Fielders Choice at 2nd, 6-4 (Groundball, 6, EV 82.5 MPH)
Top of the 4th over - 0 runs, 1 hit, 0 errors, 2 left on base; Clearwater 1 - Galveston 7
BOTTOM OF THE 4TH
Galveston Sand Crabs batting - Pitching for Clearwater Threshers : RHP Tom Burns
Batting: RHB Stephen Turgeon 0-0: Ball
1-0: Ball
2-0: Ball
3-0: Called Strike
3-1: Base on Balls
Batting: RHB Stephen Fleming 0-0: Ball
1-0: Ball
2-0: Ball
3-0: Called Strike
3-1: Swinging Strike
3-2: Foul Ball, location: 2F
3-2: Foul Ball, location: 2F
3-2: Strikes out looking
Batting: LHB Dave Montanari 0-0: Called Strike
Stephen Turgeon steals 2nd base
0-1: Foul Ball, location: 2F
0-2: Strikes out swinging
Batting: RHB Cayetano Cadahia 0-0: Ball
1-0: Called Strike
1-1: Foul Ball, location: 2F
1-2: Strikes out looking
Bottom of the 4th over - 0 runs, 0 hits, 0 errors, 1 left on base; Clearwater 1 - Galveston 7
TOP OF THE 5TH
Clearwater Threshers batting - Pitching for Galveston Sand Crabs : LHP Michael Dixon
Batting: RHB Drungo Hazewood 0-0: Ball
1-0: Ground out 4-3 (Groundball, 4, EV 100.6 MPH)
Batting: RHB Vincent Beringhele 0-0: Ball
1-0: Swinging Strike
1-1: Ball
2-1: Ground out U3 (Groundball, 34S, EV 90.0 MPH)
Batting: RHB Roy Wolfe 0-0: Ball
1-0: DOUBLE (Line Drive, 9LM, EV 89.4 MPH)
Batting: RHB Cliff Pastornicky 0-0: Foul Ball, location: 2F
0-1: Swinging Strike
0-2: Ball
1-2: Strikes out swinging
Top of the 5th over - 0 runs, 1 hit, 0 errors, 1 left on base; Clearwater 1 - Galveston 7
BOTTOM OF THE 5TH
Galveston Sand Crabs batting - Pitching for Clearwater Threshers : RHP Tom Burns
Batting: SHB Ricardo Rivera 0-0: Ball
1-0: Ball
2-0: Called Strike
2-1: Swinging Strike
2-2: Ball
3-2: Foul Ball, location: 2F
3-2: Foul Ball, location: 2F
3-2: Foul Ball, location: 2F
3-2: Strikes out looking
Batting: RHB Wil Muela 0-0: Foul Ball, location: 2F
0-1: Ball
1-1: Called Strike
1-2: Ball
2-2: Ground out 4-3 (Groundball, 34, EV 92.5 MPH)
Batting: LHB David Dyrek 0-0: Foul Ball, location: 2F
0-1: Ball
1-1: Fly out, F7 (Flyball, 7, EV 91.3 MPH)
Bottom of the 5th over - 0 runs, 0 hits, 0 errors, 0 left on base; Clearwater 1 - Galveston 7
TOP OF THE 6TH
Clearwater Threshers batting - Pitching for Galveston Sand Crabs : LHP Michael Dixon
Batting: RHB Rico Sutton 0-0: DOUBLE (Line Drive, 9LD, EV 106.3 MPH)
Batting: RHB Ralph Antone 0-0: Ball
1-0: Called Strike
1-1: Ball
2-1: Foul Ball, location: 2F
2-2: Fly out, F3 (Popup, 3SF, EV 75.0 MPH)
Batting: RHB John Smith 0-0: Foul Ball, location: 2F
0-1: Swinging Strike
0-2: Strikes out swinging
Batting: RHB Pete Piskol 0-0: Swinging Strike
0-1: Ball
1-1: Swinging Strike
1-2: Ground out 6-3 (Groundball, 6, EV 81.3 MPH)
Top of the 6th over - 0 runs, 1 hit, 0 errors, 1 left on base; Clearwater 1 - Galveston 7
BOTTOM OF THE 6TH
Galveston Sand Crabs batting - Pitching for Clearwater Threshers : RHP Tom Burns
Batting: SHB Darryl Wilks 0-0: Ball
1-0: Ball
2-0: Ball
3-0: Base on Balls
Batting: LHB Van Snider 0-0: Fly out, F4 (Flyball, 4D, EV 83.1 MPH)
Batting: RHB Stephen Turgeon 0-0: Called Strike
0-1: Foul Ball, location: 2F
0-2: Ball
1-2: Foul Ball, location: 2F
1-2: Fielders Choice at 2nd, 6-4 (Groundball, 6, EV 86.9 MPH)
Batting: RHB Stephen Fleming 0-0: Called Strike
0-1: 2-RUN HOME RUN (Flyball, 7D, EV 106.3 MPH), Distance : 369 ft
Batting: LHB Dave Montanari 0-0: Ball
1-0: Ball
2-0: Ball
3-0: Called Strike
3-1: Called Strike
3-2: SINGLE (Line Drive, 8LS, EV 91.9 MPH)
Batting: RHB Cayetano Cadahia 0-0: Ball
1-0: SINGLE (Groundball, P, EV 87.5 MPH) (infield hit)
Dave Montanari to second
Batting: SHB Ricardo Rivera 0-0: Called Strike
0-1: Ball
1-1: Ground out U3 (Groundball, 3L, EV 88.1 MPH)
Bottom of the 6th over - 2 runs, 3 hits, 0 errors, 2 left on base; Clearwater 1 - Galveston 9
TOP OF THE 7TH
Clearwater Threshers batting - Pitching for Galveston Sand Crabs : LHP Michael Dixon
Batting: RHB Pedro Hernandez 0-0: Ball
1-0: Ball
2-0: Ball
3-0: Called Strike
3-1: Base on Balls
Batting: RHB Drungo Hazewood 0-0: Called Strike
0-1: SINGLE (Groundball, 4D, EV 102.5 MPH)
Pedro Hernandez to second
Pinch Hitting: RHB Bill Dierberger 0-0: Called Strike
0-1: SINGLE (Line Drive, 6D, EV 99.4 MPH)
Pedro Hernandez to third
Drungo Hazewood to second
Runner from 3rd tries for Home, SAFE, throw by LF to home
Batting: RHB Roy Wolfe 0-0: Ball
1-0: 3-RUN HOME RUN (Flyball, 9D, EV 92.5 MPH), Distance : 369 ft
Batting: RHB Cliff Pastornicky 0-0: Called Strike
0-1: Foul Ball, location: 2F
0-2: Ball
1-2: Ground out 5-3 (Groundball, 56, EV 88.8 MPH)
Batting: RHB Rico Sutton 0-0: Foul Ball, location: 2F
0-1: Fly out, F9 (Flyball, 89XD, EV 108.1 MPH)
Batting: RHB Ralph Antone 0-0: SINGLE (Line Drive, 9LS, EV 95.0 MPH)
Batting: RHB John Smith 0-0: Ball
1-0: Foul Ball, location: 2F
1-1: Called Strike
1-2: Foul Ball, location: 2F
1-2: Ball
2-2: Strikes out swinging
Top of the 7th over - 4 runs, 4 hits, 0 errors, 1 left on base; Clearwater 5 - Galveston 9
BOTTOM OF THE 7TH
Galveston Sand Crabs batting - Pitching for Clearwater Threshers : RHP Tom Burns
Now in CF: Bill Dierberger
Batting: RHB Wil Muela 0-0: Foul Ball, location: 2F
0-1: Ball
1-1: Called Strike
1-2: Strikes out swinging
Pitching: LHP Ricky Garcia
Batting: LHB David Dyrek 0-0: Ball
1-0: Foul Ball, location: 2F
1-1: Fly out, F8 (Flyball, 78XD, EV 107.5 MPH)
Batting: SHB Darryl Wilks 0-0: Ball
1-0: Ball
2-0: Fly out, F8 (Flyball, 8LM, EV 92.5 MPH)
Bottom of the 7th over - 0 runs, 0 hits, 0 errors, 0 left on base; Clearwater 5 - Galveston 9
TOP OF THE 8TH
Clearwater Threshers batting - Pitching for Galveston Sand Crabs : LHP Michael Dixon
Batting: RHB Pete Piskol 0-0: Ball
1-0: Ground out U3 (Groundball, 3S, EV 82.5 MPH)
Batting: RHB Pedro Hernandez 0-0: Ball
1-0: Called Strike
1-1: Foul Ball, location: 2F
1-2: Foul Ball, location: 2F
1-2: Foul Ball, location: 2F
1-2: Ground out 6-3 (Groundball, 6, EV 83.1 MPH)
Batting: RHB Drungo Hazewood 0-0: Ball
1-0: Called Strike
1-1: Ground out 5-3 (Groundball, 56, EV 83.1 MPH)
Top of the 8th over - 0 runs, 0 hits, 0 errors, 0 left on base; Clearwater 5 - Galveston 9
BOTTOM OF THE 8TH
Galveston Sand Crabs batting - Pitching for Clearwater Threshers : LHP Ricky Garcia
Batting: LHB Van Snider 0-0: Fly out, F2 (Popup, 2L, EV 94.4 MPH)
Batting: RHB Stephen Turgeon 0-0: Foul Ball, location: 2F
0-1: Foul Ball, location: 2F
0-2: Ball
1-2: Foul Ball, location: 2F
1-2: Strikes out swinging
Batting: RHB Stephen Fleming 0-0: Called Strike
0-1: Called Strike
0-2: Ball
1-2: Ground out 6-3 (Groundball, 6, EV 78.8 MPH)
Bottom of the 8th over - 0 runs, 0 hits, 0 errors, 0 left on base; Clearwater 5 - Galveston 9
TOP OF THE 9TH
Clearwater Threshers batting - Pitching for Galveston Sand Crabs : LHP Michael Dixon
Batting: RHB Bill Dierberger 0-0: Foul Ball, location: 2F
0-1: Called Strike
0-2: Ball
1-2: Ball
2-2: Ball
3-2: Strikes out swinging
Batting: RHB Roy Wolfe 0-0: Foul Ball, location: 2F
0-1: Called Strike
0-2: Ball
1-2: Ball
2-2: Ball
3-2: Foul Ball, location: 2F
3-2: Strikes out swinging
Batting: RHB Cliff Pastornicky 0-0: Ball
1-0: Ground out 6-3 (Groundball, 6, EV 80.0 MPH)
Top of the 9th over - 0 runs, 0 hits, 0 errors, 0 left on base; Clearwater 5 - Galveston 9
Monday, August 10th, 2020 - OOTP Baseball 21.5 Build 76